 Dungeon Crawl Stone Soup version 0.20.1-1-g8b1a95d (webtiles) character file.

219 Kagerus the Spear-Bearer (level 5, 38/38 HPs)
             Began as a Merfolk Gladiator on July 30, 2017.
             Got out of the dungeon alive.
             The game lasted 00:11:05 (3033 turns).

Kagerus the Spear-Bearer (Merfolk Gladiator)        Turns: 3033, Time: 00:11:06

Health: 38/38      AC:  7    Str: 14    XL:     5   Next: 96%
Magic:  5/5        EV: 13    Int:  7    God:
Gold:   104        SH:  0    Dex: 17    Spells: 4/4 levels left

rFire    . . .     SeeInvis .   a - +0 trident
rCold    . . .     Gourm    .   (no shield)
rNeg     . . .     Faith    .   n - +0 ring mail
rPois    .         Spirit   .   c - +0 helmet
rElec    .         Reflect  .   (no cloak)
rCorr    .         Harm     .   e - +0 pair of gloves (curse)
MR       .....                  (no boots)
Stlth    +.........             (no amulet)
Regen    0.2/turn               (no ring)
MPRegen  0.1/turn               (no ring)

@: no status effects
A: change form in water, swift swim, stealthy swim
a: no special abilities


You escaped.
You were not hungry.

You visited 1 branch of the dungeon, and saw 3 of its levels.

You collected 104 gold pieces.

Inventory:

Hand Weapons
 a - a +0 trident (weapon)
Missiles
 d - 3 throwing nets (quivered)
Armour
 b - a +0 leather armour
 c - a +0 helmet (worn)
 e - a cursed +0 pair of gloves (worn)
 n - a +0 ring mail (worn)
Scrolls
 l - a scroll of noise {unknown}
 p - a scroll of amnesia {unknown}
 r - a scroll of random uselessness {unknown}
Potions
 g - a potion of brilliance {unknown}
 h - a potion of mutation {unknown}
 k - a potion of might {unknown}
 m - a potion of heal wounds {unknown}
Comestibles
 f - a bread ration
 i - 3 meat rations
 o - 4 fruits
 q - a chunk of flesh


   Skills:
 - Level 2.1 Fighting
 - Level 8.0 Polearms
 - Level 2.0 Throwing
 + Level 2.1 Armour
 - Level 4.0 Dodging


You had 4 spell levels left.
You didn't know any spells.

Dungeon Overview and Level Annotations

Branches:
Dungeon (3/15)

Altars:


Message History

The goblin shouts!
You hit the goblin.
You kill the goblin!
No target in view!
No target in view!
No target in view!
No target in view!
No target in view!
No target in view!
No target in view!
No target in view!
No target in view!
There is an open door here.
There is an open door here.
There is an open door here.
There is an open door here.
There is an open door here.
There is a staircase leading out of the dungeon here.
Are you sure you want to leave the Dungeon?
This will make you lose the game!
You have escaped!

#.############## #.#.#....#......
>.....#........###.....##.#..####
#.#.###........#..........#..####
#.#.# #........'.##.##.####......
..#.###........#.....#.# #......
......#........#######.# #......
......#........#.'..##.####......
......#........#'#..##...........
(.....#........#@##'###..........
()....#######'####...#...........
#.##### #.....'...#..........#
#.######## #.....#...#...........
#.##.....# #.....#####..####.##..
#.#....#.# #.....# #...........
#.#.####.# #.....# #.#.#.#.###.
#..).....######### #.#.#.#.#...
###....##.....# ######.#.........


There were no monsters in sight!

Vanquished Creatures
  Crazy Yiuf (D:2)
  4 gnolls (D:2)
  6 adders
  2 oozes
  2 worms (D:2)
  A dart slug (D:3)
  3 orcs (D:3)
  3 ball pythons
  6 bats
  7 giant cockroaches
  11 goblins
  5 hobgoblins
  10 jackals
  A quokka (D:2)
  3 frilled lizards
  9 kobolds
  5 rats
79 creatures vanquished.

Vanquished Creatures (others)
  An orc (D:3)
  A hobgoblin (D:3)
2 creatures vanquished.

Grand Total: 81 creatures vanquished

Notes
Turn   | Place    | Note
-------+----------+-------------------------------------------
     0 | D:1      | Kagerus the Merfolk Gladiator began the quest for the Orb.
     0 | D:1      | Reached XP level 1. HP: 16/16 MP: 1/1
    82 | D:1      | Reached skill level 5 in Polearms
    86 | D:1      | Reached XP level 2. HP: 14/22 MP: 2/2
   422 | D:1      | Reached XP level 3. HP: 26/27 MP: 3/3
   423 | D:1      | Reached skill level 6 in Polearms
  1458 | D:2      | Reached XP level 4. HP: 33/33 MP: 4/4
  1463 | D:2      | Reached skill level 7 in Polearms
  1976 | D:2      | Reached skill level 8 in Polearms
  1976 | D:2      | Reached XP level 5. HP: 21/38 MP: 5/5
  2240 | D:2      | Reached skill level 1 in Armour
  2293 | D:2      | Found a runed door.
  2342 | D:2      | Noticed Crazy Yiuf
  2402 | D:2      | Killed Crazy Yiuf
  3033 | D:$      | Got out of the dungeon alive.

Skill      XL: |  1  2  3  4  5 |
---------------+----------------+-----
Polearms       | 5 6 8 |  8.0
Armour         | 2 |  2.1
Fighting       | |  2.1
Throwing       | |  2.0
Dodging        | |  4.0

Action                   |  1- 3 |  4- 6 || total
-------------------------+-------+-------++-------
Melee: Trident           |    87 |   209 ||   296
  Use: Scroll            |       |     3 ||     3
  Eat: Chunk             |     2 |     5 ||     7
Armor: Leather armour    |    13 |     8 ||    21
       Ring mail         |       |    46 ||    46
Dodge: Dodged            |    52 |   119 ||   171
